 Dungeon Crawl Stone Soup version 0.27-a0-1334-g2746e35aca (webtiles) character file.

Game seed: 9814441398138669127

34 bande the Covered (level 3, 0/23 HPs)
             Began as a Gargoyle Fighter on June 27, 2021.
             Slain by a worm (6 damage)
             ... on level 1 of the Dungeon.
             The game lasted 00:01:32 (989 turns).

bande the Covered (Gargoyle Fighter)                 Turns: 989, Time: 00:01:33

Health: 0/23       AC: 12    Str: 19    XL:     3   Next: 31%
Magic:  3/3        EV:  5    Int:  8    God:
Gold:   58         SH:  9    Dex: 10    Spells: 2/2 levels left

rFire    . . .     SeeInvis .   a - +0 war axe
rCold    . . .     Faith    .   c - +0 kite shield
rNeg     + . .     Spirit   .   j - +0 chain mail
rPois    ∞         Reflect  .   (no helmet)
rElec    +         Harm     .   (no cloak)
rCorr    .         Rampage  .   (no gloves)
Will     .....                  (no boots)
Stlth    ..........             (no amulet)
HPRegen  0.07/turn              (no ring)
MPRegen  0.08/turn              (no ring)

@: no status effects
A: sickness immunity, AC +3, negative energy resistance 1, electricity
resistance, torment resistance 1, petrification resistance
a: no special abilities


You were on level 1 of the Dungeon.
You visited 1 branch of the dungeon, and saw 2 of its levels.

You collected 58 gold pieces.

Inventory:

Hand Weapons
 a - a +0 war axe (weapon)
Armour
 c - a +0 kite shield (worn)
 j - a +0 chain mail (worn)
Scrolls
 e - a scroll of blinking {unknown}
 f - a scroll of magic mapping {unknown}
 g - a scroll of identify {unknown}
 h - a scroll of fog {unknown}
Potions
 d - a potion of might
 i - a potion of haste {unknown}


   Skills:
 + Level 3.5 Fighting
 + Level 2.2 Axes
 + Level 3.8 Armour
 + Level 0.4 Dodging
 + Level 3.5 Shields


You had 2 spell levels left.
You didn't know any spells.
Your spell library was empty.

Dungeon Overview and Level Annotations

Branches:
Dungeon (2/15)

Altars:


Innate Abilities, Weirdness & Mutations

You are immune to sickness and miasma.
Your stone body is resilient. (AC +3)
You are immune to poison.
You resist negative energy. (rN+)
You are resistant to electric shocks. (rElec)
You are resistant to unholy torment.
You are immune to petrification.


Message History

The worm bites you but does no damage.
You hit the worm.
The worm is lightly wounded.
The worm bites you.
You hit the worm but do no damage.
The worm is lightly wounded.
The worm bites you.
You are too injured to fight recklessly!
You are too injured to fight recklessly!
You are too injured to fight recklessly!
You are too injured to fight recklessly!
You are too injured to fight recklessly!
You are too injured to fight recklessly!
You are too injured to fight recklessly!
You are too injured to fight recklessly!
You are too injured to fight recklessly!
You are too injured to fight recklessly!
There is a stone staircase leading up here.
You climb upwards.
There is a stone staircase leading down here.
You hit the worm.
The worm is moderately wounded.
The worm bites you but does no damage.
Your chain mail prevents you from hitting the worm.
The worm is moderately wounded.
The worm barely misses you.
You barely miss the worm.
The worm is moderately wounded.
The worm bites you.
You hit the worm.
The worm is moderately wounded.
The worm bites you.
* * * LOW HITPOINT WARNING * * *
You barely miss the worm.
The worm is moderately wounded.
You block the worm's attack.
You slash the worm!
The worm is severely wounded.
The worm bites you.
You die...

#.....# #. ############.....#
#.
#................###########.
#..............(.............
#................############
#............################
#............................
#........)..w..##############
#...........@............().)
###########....##############
#....# #....# #....# #....#
#....# #....# #....#


You could see a worm.

Vanquished Creatures
  2 dart slugs (D:1)
  5 ball pythons (D:1)
  2 endoplasms (D:1)
  2 giant cockroaches (D:1)
  2 goblins (D:1)
  3 hobgoblins (D:1)
  5 bats (D:1)
  2 frilled lizards (D:1)
  3 kobolds (D:1)
  A rat (D:1)
27 creatures vanquished.

Notes
Turn   | Place    | Note
-------+----------+-------------------------------------------
     0 | D:1      | bande the Gargoyle Fighter began the quest for the Orb.
     0 | D:1      | Reached XP level 1. HP: 14/14 MP: 1/1
   175 | D:1      | Reached XP level 2. HP: 18/19 MP: 2/2
   552 | D:1      | Reached XP level 3. HP: 23/23 MP: 3/3
   989 | D:1      | Slain by a worm

Illustrated notes

Levels and vault maps discovered:
D:1:      wander_arrival_lonely_grave, layout_basic
D:2:      cheibrodos_old_hovel, layout_loops_ring, basic_altar,
          basic_ecumenical_altar, chequers_avenue, uniq_robin

Skill      XL: |  1  2 |
---------------+-------+-----
Axes           | 2 |  2.2
Fighting       | |  3.5
Armour         | |  3.8
Dodging        | |  0.4
Shields        | |  3.5

Action                   || total
-------------------------++-------
Melee: War axe           ||    92
Armor: Scale mail        ||    53
       Chain mail        ||     3
Dodge: Dodged            ||    34
Block: Kite shield       ||    62

Table legend: (Time is in decaauts)
 A = Elapsed time spent in this place.
 B = Non-inter-level travel time spent in this place.
 C = Inter-level travel time spent in this place.
 D = Time resting spent in this place.
 E = Time spent auto-exploring this place.
 F = Levels seen in this place.
 G = Mean time per level.
                   A        B        C        D        E       F      G
               +--------+--------+--------+--------+--------+-----+--------+
         Total |   1046 |   1046 |      0 |      0 |    770 |   2 |  523.0 |
       Dungeon |   1046 |   1046 |      0 |      0 |    770 |   2 |  523.0 |
               +--------+--------+--------+--------+--------+-----+--------+

Top non-repeatable levels by time:
     D:1: 1029 daAuts
     D:2: 16 daAuts
